 Dungeon Crawl Stone Soup version 0.28-a0-1033-g1a2f33fa85 (webtiles) character file.

Game seed: 13194460002090631683

37 dianekeaton the Cudgeller (level 3, 0/49 HPs)
             Began as a Minotaur Berserker on Dec 8, 2021.
             Was a Believer of Trog.
             Succumbed to an adder's poison
             ... on level 2 of the Dungeon.
             The game lasted 00:02:37 (1185 turns).

dianekeaton the Cudgeller (Minotaur Berserker)      Turns: 1185, Time: 00:02:37

Health: 0/49       AC:  2    Str: 21    XL:     3   Next: 23%
Magic:  2/2        EV: 12    Int:  4    God:    Trog [**....]
Gold:   26         SH:  0    Dex: 11    Spells: 2/2 levels left

rFire   . . .      SeeInvis .   a - +0 mace
rCold   . . .      Faith    .   (no shield)
rNeg    . . .      Spirit   .   b - +0 animal skin
rPois   .          Reflect  .   (helmet restricted)
rElec   .          Harm     .   (no cloak)
rCorr   .          Rampage  .   (no gloves)
Will    .....                   (no boots)
Stlth   ..........              (no amulet)
HPRegen 0.16/turn               (no ring)
MPRegen 0.08/turn               (no ring)

@: berserking, lethally poisoned (0 -> -3), very quick
A: horns 2, retaliatory headbutt
a: Renounce Religion, Berserk, Trog's Hand


You were on level 2 of the Dungeon.
You worshipped Trog.
Trog was pleased with you.
You visited 1 branch of the dungeon, and saw 2 of its levels.

You collected 26 gold pieces.

Inventory:

Hand Weapons
 a - a +0 mace (weapon)
Armour
 b - a +0 animal skin (worn)
Scrolls
 d - a scroll of brand weapon {unknown}
Potions
 c - a potion of mutation {unknown}
 e - a potion of curing {unknown}


   Skills:
 - Level 3.9 Fighting
 + Level 4.9 Maces & Flails
 - Level 2.5 Armour
 - Level 2.2 Dodging
 + Level 0.2 Stealth


You had 2 spell levels left.
You didn't know any spells.
Your spell library was empty.

Dungeon Overview and Level Annotations

Branches:
Dungeon (2/15)

Altars:


Innate Abilities, Weirdness & Mutations

You have a pair of horns on your head.
You reflexively headbutt those who attack you in melee.


Message History

You furiously retaliate!
You headbutt the jackal, but do no damage.
You see here a jackal corpse.
The jackal bites you but does no damage.
You barely miss the jackal. The jackal bites you. The jackal barely misses you.
You furiously retaliate!
You headbutt the jackal. You hit the jackal.
You kill the jackal!
Trog accepts your kill. The adder bites you.
You have reached level 3!
Your experience leads to an increase in your attributes!
Increase (S)trength, (I)ntelligence, or (D)exterity?
You feel agile. x2
You completely miss the adder. Your headbutt misses the adder.
The adder barely misses you.
You closely miss the adder. The adder completely misses you.
The adder bites you.
You are poisoned.
The adder poisons you!
You hit the adder but do no damage.
You feel sick. The adder bites you.
You are more poisoned.
The adder poisons you! The adder bites you.
You hit the adder but do no damage. Your headbutt misses the adder.
You feel sick. The adder bites you.
* * * LOW HITPOINT WARNING * * *
A red film seems to cover your vision as you go berserk!
You feel yourself moving faster!
You feel mighty!
* * * LOW HITPOINT WARNING * * *
You feel sick. The adder bites you.
* * * LOW HITPOINT WARNING * * *
You sock the adder!
The adder is severely wounded.
* * * LOW HITPOINT WARNING * * *
You feel sick. The adder closely misses you. You furiously retaliate!
You headbutt the adder!
You kill the adder!
Trog accepts your kill.
You feel a strong urge to attack something.
You die...

.. . .######
...>..## #......##
#........ #
####......# #..
##..<.<....#
.....###.@##......#
.......†..........#
#....###†###......#
#.. ...# #......# #
#...# ########
#...# #.... #...#
#...#


There were no monsters in sight!

Vanquished Creatures
  An adder (D:2)
  3 endoplasms (D:1)
  A giant cockroach (D:1)
  A goblin (D:1)
  2 hobgoblins (D:1)
  2 jackals (D:2)
  8 kobolds (D:1)
  2 quokkas (D:1)
  4 bats (D:1)
  4 rats (D:1)
28 creatures vanquished.

Vanquished Creatures (others)
  A fungus (D:1)
  4 plants (D:1)
5 creatures vanquished.

Grand Total: 33 creatures vanquished

Notes
Turn   | Place    | Note
-------+----------+-------------------------------------------
     0 | D:1      | dianekeaton the Minotaur Berserker began the quest for the
                  | Orb.
     0 | D:1      | Reached XP level 1. HP: 19/19 MP: 0/0
    50 | D:1      | Reached skill level 4 in Maces & Flails
    50 | D:1      | Reached XP level 2. HP: 12/27 MP: 1/1
   327 | D:1      | Found a faded altar of an unknown god.
   964 | D:1      | Reached ** piety under Trog
  1178 | D:2      | Reached XP level 3. HP: 19/33 MP: 2/2
  1182 | D:2      | HP: 2/49 [adder (3)]
  1185 | D:2      | Succumbed to an adder's poison

Illustrated notes

Levels and vault maps discovered:
D:1:      heliophobic_arrival_battle_scene, layout_rooms,
          shapermc_ecumenical_altar_mp_urbaneastern
D:2:      layout_rooms, serial_undead, serial_undead_b, serial_undead_f,
          serial_undead_f, serial_undead_a, serial_undead_c

Skill      XL: |  1 |
---------------+----+-----
Maces & Flails | 4 |  4.9
Fighting       | |  3.9
Armour         | |  2.5
Dodging        | |  2.2
Stealth        | |  0.2

Action                   || total
-------------------------++-------
Melee: Mace              ||    57
       Headbutt          ||     6
Invok: Berserk           ||     1
 Stab: Sleeping          ||     1
Armor: Animal skin       ||    17
Dodge: Dodged            ||    50

Table legend: (Time is in decaauts)
 A = Elapsed time spent in this place.
 B = Non-inter-level travel time spent in this place.
 C = Inter-level travel time spent in this place.
 D = Time resting spent in this place.
 E = Time spent auto-exploring this place.
 F = Levels seen in this place.
 G = Mean time per level.
                   A        B        C        D        E       F      G
               +--------+--------+--------+--------+--------+-----+--------+
         Total |   1194 |   1194 |      0 |    265 |    624 |   2 |  597.0 |
       Dungeon |   1194 |   1194 |      0 |    265 |    624 |   2 |  597.0 |
               +--------+--------+--------+--------+--------+-----+--------+

Top non-repeatable levels by time:
     D:1: 1170 daAuts
     D:2: 23 daAuts
